 Dungeon Crawl Stone Soup version 0.26.1-11-gd32895ea62 (webtiles) character file.

Game seed: 3559496468790431271

7196 MisterFreud the Fighter (level 11, -14/89 HPs)
             Began as a Gnoll Abyssal Knight on May 14, 2021.
             Was a High Priest of Lugonu.
             Killed from afar by a steam dragon (20 damage)
             ... with a ball of steam
             ... on level 10 of the Dungeon.
             The game lasted 00:17:33 (13704 turns).

MisterFreud the Fighter (Gnoll Abyssal Knight)     Turns: 13704, Time: 00:17:34

Health: -14/89     AC: 11    Str: 21    XL:     11   Next: 11%
Magic:  20/20      EV: 16    Int: 17    God:    Lugonu [*****.]
Gold:   552        SH:  0    Dex: 15    Spells: 22/22 levels left

rFire    . . .     SeeInvis .   M - +4 dagger (chaos)
rCold    . . .     Faith    .   (no shield)
rNeg     . . .     Spirit   .   K - +3 robe of Leaves {Harm Stlth+}
rPois    .         Reflect  .   o - +2 hat
rElec    .         Harm     +   P - +0 cloak
rCorr    +         Rampage  .   F - +0 pair of gloves
Will     .....                  c - +0 pair of boots
Stlth    ++++......             L - amulet of regeneration
HPRegen  0.64/turn              A - ring of resist corrosion
MPRegen  0.17/turn              E - +6 ring of strength

@: no status effects
A: distributed training, fangs 1, strong nose
a: Renounce Religion, Depart the Abyss, Bend Space, Banish, Corrupt, Enter the
Abyss


You were on level 10 of the Dungeon.
You worshipped Lugonu.
Lugonu was extremely pleased with you.
You visited 2 branches of the dungeon, and saw 11 of its levels.
You visited the Abyss 1 time.

You collected 552 gold pieces.

Inventory:

Hand Weapons
 a - a +2 dagger of protection
 b - a +0 hunting sling of flaming
 m - a +1 short sword
 M - a +4 dagger of chaos (weapon)
Missiles
 q - 346 stones
 r - 25 sling bullets
 s - 24 poisoned darts
 D - 23 boomerangs
Armour
 c - a +0 pair of boots (worn)
 o - a +2 hat (worn)
 v - a +2 leather armour of poison resistance
 F - a +0 pair of gloves (worn)
 K - the +3 robe of Leaves (worn) {Harm Stlth+}
   (You found it on level 8 of the Dungeon)

   It increases damage dealt and taken.
   It makes you more stealthy.
 P - a +0 cloak (worn)
Jewellery
 x - an uncursed amulet of guardian spirit
 A - a ring of resist corrosion (left hand)
 E - a +6 ring of strength (right hand)
 L - an amulet of regeneration (around neck)
Wands
 p - a wand of paralysis (35)
 w - a wand of flame (17)
 y - a wand of acid (4)
 z - a wand of iceblast (8)
Scrolls
 f - a scroll of fog {unknown}
 h - a scroll of enchant weapon {unknown}
 i - 2 scrolls of blinking {unknown}
 j - 5 scrolls of teleportation {unknown}
 l - 5 scrolls of remove curse {unknown}
 n - 3 scrolls of amnesia {unknown}
 C - a scroll of random uselessness {unknown}
 G - a scroll of identify
 J - a scroll of noise {unknown}
 N - a scroll of fear {unknown}
Potions
 d - 2 potions of berserk rage
 e - 4 potions of cancellation
 g - 4 potions of curing
 k - 4 potions of haste
 t - 3 potions of might
 u - 2 potions of mutation
 B - 2 potions of ambrosia
 H - 2 potions of heal wounds
 I - 2 potions of brilliance
 Q - 3 potions of attraction
Miscellaneous
 O - a lightning rod (4/4)


   Skills:
 + Level 9.0 Fighting
 + Level 7.6 Short Blades
 + Level 6.0 Long Blades
 + Level 6.0 Axes
 + Level 6.0 Maces & Flails
 + Level 6.0 Polearms
 + Level 6.0 Staves
 + Level 6.0 Slings
 + Level 6.0 Bows
 + Level 6.0 Crossbows
 + Level 6.0 Throwing
 + Level 7.6 Armour
 + Level 6.5 Dodging
 + Level 6.0 Stealth
 + Level 6.0 Shields
 + Level 6.0 Unarmed Combat
 + Level 6.0 Spellcasting
 + Level 4.9 Conjurations
 + Level 4.9 Hexes
 + Level 4.9 Summonings
 + Level 4.9 Necromancy
 + Level 4.9 Translocations
 + Level 4.9 Transmutations
 + Level 4.9 Fire Magic
 + Level 4.9 Ice Magic
 + Level 4.9 Air Magic
 + Level 4.9 Earth Magic
 + Level 4.9 Poison Magic
 + Level 8.1 Invocations
 + Level 6.0 Evocations


You had 22 spell levels left.
You didn't know any spells.
Your spell library contained the following spells:

 Spells                   Type           Power        Failure   Level
 Freeze                   Ice            88%          1%          1
 Magic Dart               Conj           88%          1%          1
 Blink                    Tloc           N/A          2%          2
 Call Imp                 Summ           22%          2%          2
 Slow                     Hex            22%          2%          2
 Conjure Flame            Conj/Fire      22%          4%          3
 Frozen Ramparts          Ice            44%          4%          3
 Mephitic Cloud           Conj/Pois/Air  22%          4%          3
 Ozocubu's Armour         Ice            22%          4%          3
 Hailstorm                Conj/Ice       22%          17%         4
 Summon Ice Beast         Ice/Summ       22%          17%         4


Dungeon Overview and Level Annotations

Branches:
Dungeon (10/15)            Temple (1/1) D:6            Lair (0/6) D:9
    Orc: D:9-12

Altars:
Fedhas
Gozag
Makhleb
Ru
Trog
Xom
The Shining One
Jiyva

Annotations:
D:6 2 transporters, ZZKoverts's ghost, novice HaHu
D:7 1 runed translucent door
D:8 2 transporters


Innate Abilities, Weirdness & Mutations

Your experience applies equally to all skills.
You have very sharp teeth.
Your uncanny sense of smell can sniff out nearby items.


Message History

You hear a roar.
A ball of steam appears from out of thin air!
The ball of steam misses you.
You barely miss something. You punch something. Your bite misses something.
You are engulfed in a cloud of scalding steam.
You closely miss something.
You are engulfed in a cloud of scalding steam.
Something bites you!
* * * LOW HITPOINT WARNING * * *
Something claws you.
* * * LOW HITPOINT WARNING * * *
You hit something but do no damage. Something bites you!
* * * LOW HITPOINT WARNING * * *
Something claws you but does no damage.
Things that are here:
a +0 dagger; a +0 robe You hear a roar.
A ball of steam appears from out of thin air!
The ball of steam hits you!
You die...

........# #..........#
........# #..........#
........#####..........####
...........................
##.......###########.......
#...>...#.........#.......
#.......#.........#..#####
#.......'..)......#..#
#.......#@........#..#
#.......#§........#..
#...<...#)§.......#..
#.......#){.......#
#.......#.........#
#.......##)########
#........)).......
.......).......
.......)....###


There were no monsters in sight!

Vanquished Creatures
  Pikel (D:5)
  Psyche (D:8)
  A troll (D:9)
  A queen bee (D:9)
  Grinder (D:5)
  2 yaks (D:9)
  2 water moccasins
  3 orc warriors
  3 ice beasts
  3 black bears (D:9)
  A hornet zombie (D:9)
  5 necrophages
  A phantom (D:9)
  2 ogres
  4 centaurs
  2 big kobolds
  4 bullfrogs
  6 scorpions
  6 killer bees (D:9)
  6 howler monkeys
  A centaur zombie (D:9)
  A bullfrog zombie (D:9)
  6 hounds
  4 jellies
  A bullfrog skeleton (D:9)
  5 orc priests
  10 orc wizards
  Ijyb (D:4)
  Jessica (D:3)
  2 iguanas
  5 worker ants
  A hound zombie (D:8)
  2 hound skeletons
  Robin (D:4)
  A worker ant zombie (D:10)
  13 gnolls
  8 adders
  4 shadow imps
  4 white imps
  An ufetubus (D:6)
  An ooze (D:2)
  An adder skeleton (D:7)
  2 worms
  5 dart slugs
  10 leopard geckos
  44 orcs
  6 bats
  4 giant cockroaches
  18 goblins
  7 hobgoblins
  8 jackals
  6 quokkas
  2 ball pythons
  3 frilled lizards
  A jackal zombie (D:9)
  16 kobolds
  A quokka zombie (D:5)
  5 rats (D:1)
267 creatures vanquished.

Vanquished Creatures (others)
  4 orcs
  A goblin (D:4)
  2 bushes (D:9)
  19 fungi (D:9)
  30 plants (D:9)
56 creatures vanquished.

Grand Total: 323 creatures vanquished

Notes
Turn   | Place    | Note
-------+----------+-------------------------------------------
     0 | Abyss:1  | MisterFreud the Gnoll Abyssal Knight began the quest for
                  | the Orb.
     0 | Abyss:1  | Reached XP level 1. HP: 23/23 MP: 3/3
     6 | D:1      | Escaped the Abyss
   105 | D:1      | Reached XP level 2. HP: 26/29 MP: 5/5
   326 | D:1      | Reached ** piety under Lugonu
   333 | D:1      | Reached XP level 3. HP: 35/35 MP: 6/6
  1131 | D:2      | Reached skill level 1 in Long Blades
  1131 | D:2      | Reached skill level 1 in Axes
  1131 | D:2      | Reached skill level 1 in Maces & Flails
  1131 | D:2      | Reached skill level 1 in Polearms
  1131 | D:2      | Reached skill level 1 in Staves
  1131 | D:2      | Reached skill level 1 in Slings
  1131 | D:2      | Reached skill level 1 in Bows
  1131 | D:2      | Reached skill level 1 in Crossbows
  1131 | D:2      | Reached skill level 1 in Throwing
  1131 | D:2      | Reached skill level 1 in Stealth
  1131 | D:2      | Reached skill level 1 in Shields
  1131 | D:2      | Reached skill level 1 in Unarmed Combat
  1131 | D:2      | Reached skill level 1 in Spellcasting
  1131 | D:2      | Reached skill level 1 in Evocations
  1145 | D:2      | Reached XP level 4. HP: 14/41 MP: 7/7
  1150 | D:2      | HP: 2/41 [gnoll/+0 spear (4)]
  1829 | D:2      | Reached skill level 1 in Conjurations
  1829 | D:2      | Reached skill level 1 in Hexes
  1829 | D:2      | Reached skill level 1 in Summonings
  1829 | D:2      | Reached skill level 1 in Necromancy
  1829 | D:2      | Reached skill level 1 in Translocations
  1829 | D:2      | Reached skill level 1 in Transmutations
  1829 | D:2      | Reached skill level 1 in Fire Magic
  1829 | D:2      | Reached skill level 1 in Ice Magic
  1829 | D:2      | Reached skill level 1 in Air Magic
  1829 | D:2      | Reached skill level 1 in Earth Magic
  1829 | D:2      | Reached skill level 1 in Poison Magic
  1959 | D:2      | Noticed a necrophage
  1988 | D:2      | Killed a necrophage
  1989 | D:2      | Reached XP level 5. HP: 39/47 MP: 8/8
  2831 | D:3      | Reached skill level 5 in Invocations
  2846 | D:3      | Noticed Jessica
  2861 | D:3      | Killed Jessica
  2862 | D:3      | Reached XP level 6. HP: 20/53 MP: 9/9
  3706 | D:4      | Reached skill level 5 in Short Blades
  3706 | D:4      | Reached skill level 5 in Armour
  3923 | D:4      | Noticed Robin
  3939 | D:4      | Killed Robin
  4096 | D:4      | Reached *** piety under Lugonu
  4310 | D:4      | Reached XP level 7. HP: 49/59 MP: 10/10
  4342 | D:4      | Reached skill level 7 in Fighting
  5150 | D:5      | Entered Level 5 of the Dungeon
  5150 | D:5      | Noticed Ijyb
  5152 | D:5      | Noticed Grinder
  5173 | D:4      | Killed Ijyb
  5257 | D:5      | Paralysed by Grinder for 4 turns
  5265 | D:5      | Paralysed by Grinder for 3 turns
  5273 | D:5      | Killed Grinder
  5448 | D:5      | Reached XP level 8. HP: 28/67 MP: 6/12
  5714 | D:5      | Found a bloodstained altar of Trog.
  5754 | D:5      | Noticed Pikel
  5829 | D:5      | Killed Pikel
  6548 | D:6      | Found a transporter.
  6548 | D:6      | Noticed ZZKoverts's ghost (novice HaHu)
  6587 | D:6      | Reached XP level 9. HP: 66/72 MP: 11/14
  6688 | D:6      | Found a transporter.
  7817 | D:6      | Found a staircase to the Ecumenical Temple.
  7834 | Temple   | Entered the Ecumenical Temple
  8103 | D:6      | Reached **** piety under Lugonu
  8327 | D:6      | Reached skill level 5 in Dodging
  9127 | D:7      | Reached skill level 8 in Fighting
  9401 | D:7      | Found a runed translucent door.
  9402 | D:7      | Noticed a sixfirhy
  9565 | D:7      | Found a burning altar of Makhleb.
  9565 | D:7      | Found a glowing golden altar of the Shining One.
  9694 | D:8      | Got a transparent robe
  9705 | D:8      | Identified the +3 robe of Leaves {Harm Stlth+} (You found
                  | it on level 8 of the Dungeon)
  9971 | D:8      | Found a transporter.
 10013 | D:8      | Found a shimmering altar of Xom.
 10413 | D:8      | Found an opulent altar of Gozag.
 10446 | D:8      | Noticed Psyche
 10477 | D:8      | Killed Psyche
 10478 | D:8      | Reached XP level 10. HP: 30/80 MP: 9/17
 10891 | D:8      | Found a viscous altar of Jiyva.
 10893 | D:8      | Noticed a great orb of eyes
 11104 | D:8      | Found a transporter.
 11255 | D:9      | Reached skill level 5 in Long Blades
 11255 | D:9      | Reached skill level 5 in Axes
 11255 | D:9      | Reached skill level 5 in Maces & Flails
 11255 | D:9      | Reached skill level 5 in Polearms
 11255 | D:9      | Reached skill level 5 in Staves
 11255 | D:9      | Reached skill level 5 in Slings
 11255 | D:9      | Reached skill level 5 in Bows
 11255 | D:9      | Reached skill level 5 in Crossbows
 11255 | D:9      | Reached skill level 5 in Throwing
 11255 | D:9      | Reached skill level 5 in Stealth
 11255 | D:9      | Reached skill level 5 in Shields
 11255 | D:9      | Reached skill level 5 in Unarmed Combat
 11255 | D:9      | Reached skill level 5 in Spellcasting
 11255 | D:9      | Reached skill level 5 in Evocations
 11680 | D:9      | HP: 2/82 [something (5)]
 12181 | D:9      | Found a blossoming altar of Fedhas.
 12240 | D:9      | Found a staircase to the Lair.
 12281 | D:9      | Reached ***** piety under Lugonu
 12393 | D:9      | Noticed a two-headed ogre
 12397 | D:9      | Banished a two-headed ogre
 13346 | D:9      | Reached XP level 11. HP: 83/86 MP: 17/19
 13427 | D:10     | Entered Level 10 of the Dungeon
 13495 | D:10     | Reached skill level 9 in Fighting
 13701 | D:10     | HP: 4/89 [something (13)]
 13704 | D:10     | Killed from afar by a steam dragon

Illustrated notes

Levels and vault maps discovered:
D:1:      onia_arrival_mini_maze_b, layout_basic
D:2:      layout_basic, bh_walls_and_bars
D:3:      layout_basic, uniq_jessica
D:4:      layout_rooms, uniq_robin
D:5:      layout_loops_ring, bloody_trog, uniq_grinder, uniq_ijyb, uniq_pikel
D:6:      layout_basic, minmay_temple_entry_butterflies,
          gammafunk_ghost_mausoleum, hangedman_decor_growths
D:7:      cheibrodos_shockbox, layout_gridville,
          gammafunk_temple_overflow_elements
D:8:      gammafunk_jiyva_shrine, layout_basic, marbit_many_paths,
          grunt_gozag_breadcrumbs, uniq_psyche
D:9:      layout_stronghold, fedhas_altar_decomposition,
          grunt_lair_entry_orc_guard_hut
D:10:     layout_irregular_city
Temple:   minmay_crystal_spiral_temple

Skill      XL: |  1  2  3  4  5  6  7  8  9 10 11 |
---------------+----------------------------------+-----
Long Blades    | 1 2 3 4 5 6 |  6.0
Axes           | 1 2 3 4 5 6 |  6.0
Maces & Flails | 1 2 3 4 5 6 |  6.0
Polearms       | 1 2 3 4 5 6 |  6.0
Staves         | 1 2 3 4 5 6 |  6.0
Slings         | 1 2 3 4 5 6 |  6.0
Bows           | 1 2 3 4 5 6 |  6.0
Crossbows      | 1 2 3 4 5 6 |  6.0
Throwing       | 1 2 3 4 5 6 |  6.0
Stealth        | 1 2 3 4 5 6 |  6.0
Shields        | 1 2 3 4 5 6 |  6.0
Unarmed Combat | 1 2 3 4 5 6 |  6.0
Spellcasting   | 1 2 3 4 5 6 |  6.0
Evocations     | 1 2 3 4 5 6 |  6.0
Conjurations   | 1 2 3 4 |  4.9
Hexes          | 1 2 3 4 |  4.9
Summonings     | 1 2 3 4 |  4.9
Necromancy     | 1 2 3 4 |  4.9
Translocations | 1 2 3 4 |  4.9
Transmutations | 1 2 3 4 |  4.9
Fire Magic     | 1 2 3 4 |  4.9
Ice Magic      | 1 2 3 4 |  4.9
Air Magic      | 1 2 3 4 |  4.9
Earth Magic    | 1 2 3 4 |  4.9
Poison Magic   | 1 2 3 4 |  4.9
Dodging        | 3 4 5 6 |  6.5
Invocations    | 5 6 7 8 |  8.1
Short Blades   | 5 6 7 |  7.6
Armour         | 5 6 7 |  7.6
Fighting       | 7 8 9 |  9.0

Action                   |  1- 3 |  4- 6 |  7- 9 | 10-12 || total
-------------------------+-------+-------+-------+-------++-------
Melee: Short sword       |    86 |   119 |       |       ||   205
       Bite              |     7 |    24 |   114 |    61 ||   206
       Punch             |       |     2 |    14 |     5 ||    21
       Dagger            |       |   113 |   791 |   358 ||  1262
 Fire: Hunting sling     |       |    32 |    53 |       ||    85
Invok: Banish            |       |       |       |     1 ||     1
Evoke: Wand              |       |       |     3 |     1 ||     4
  Use: Potion            |       |     1 |     2 |     1 ||     4
       Scroll            |       |     2 |     5 |     1 ||     8
 Stab: Sleeping          |     2 |     2 |     8 |     5 ||    17
       Paralysed         |       |       |       |     8 ||     8
       Petrifying        |       |       |       |     1 ||     1
Armor: Leather armour    |    24 |    67 |   160 |       ||   251
       Robe              |       |       |    39 |    83 ||   122
Dodge: Dodged            |    45 |   111 |   390 |   225 ||   771
